 Dungeon Crawl Stone Soup version 0.28.0-53-g5a82cb258f (webtiles) character file.

Game seed: 9806229185332542368

125744 Atelerd the Thaumaturge (level 16, -5/123 HPs)
             Began as an Octopode Earth Elementalist on June 7, 2022.
             Was an Elder of Sif Muna.
             Slain by a spark wasp zombie (15 damage)
             ... in a wizard's laboratory on June 11, 2022.
             The game lasted 01:36:04 (38544 turns).

Atelerd the Thaumaturge (OpEE)                     Turns: 38544, Time: 01:36:04

Health: -5/123     AC: 34    Str: 13    XL:     16   Next: 96%
Magic:  11/34      EV: 13    Int: 20    God:    Sif Muna [****..]
Gold:   1114       SH: 15    Dex: 12    Spells: 5/44 levels left

rFire   + . .      SeeInvis .   Q - +2 dagger (elec)
rCold   + . .      Faith    .   h - +3 warlock's mirror {reflect}
rNeg    + + .      Spirit   .   d - +0 hat
rPois   ∞          Reflect  +   X - amulet of reflection
rElec   +          Harm     .   t - ring of willpower
rCorr   .          Rampage  .   s - +4 ring of protection
Will    ++...                   D - ring of protection from cold
Stlth   +++++.....              E - ring "Uggam" {rPois rN+ Str+6}
HPRegen 0.30/turn               F - ring of protection from fire
MPRegen 0.24/turn               G - +4 ring of protection
                                N - ring of wizardry
                                (no ring)

@: statue-form, channelling, very slow
A: slow and powerful, torment resistance 1, boosted hp, almost no armour,
amphibious, 8 rings, camouflage 1, (gelatinous body 1), (nimble swimmer 1),
tentacles, dopey 2, mutation resistance 1, weak 1
a: End Transformation, Renounce Religion, Channel Magic, Forget Spell, Divine
Exegesis


You were in a wizard's laboratory.
You worshipped Sif Muna.
Sif Muna was greatly pleased with you.
You were a living statue of rough stone.
You visited 5 branches of the dungeon, and saw 22 of its levels.
You also visited: Sewer, Bailey, Gauntlet, Volcano and Wizlab.

You collected 2170 gold pieces.
You spent 1056 gold pieces at shops.

Inventory:

Hand Weapons
 K - the +7 glaive of Tieprufi {vorpal, *Rage rF+ Will+ SInv}
   (You bought it in a shop on level 2 of the Orcish Mines)

   It inflicts extra damage upon your enemies.
   rF:        It protects you from fire.
   SInv:      It lets you see invisible.
   *Rage:     It berserks you when you make melee attacks (+20% chance).
   Will:      It increases your willpower.
 Q - a +2 dagger of electrocution (weapon)
Missiles
 u - 262 stones
Armour
 d - a +0 hat (worn)
 h - the +3 warlock's mirror (worn) {reflect}
   (You acquired it on level 8 of the Dungeon)

   It can block and reflect piercing ranged attacks and magical attacks against
   the wielder's willpower.
Magical Staves
 a - a staff of earth
Jewellery
 s - a +4 ring of protection (right tentacle)
 t - a ring of willpower (left tentacle)
 D - a ring of protection from cold (on tentacle)
 E - the ring "Uggam" (on tentacle) {rPois rN+ Str+6}
   (You found it in a Gauntlet)

   [ring of strength]

   Str:       It affects your strength (+6).
   rPois:     It protects you from poison.
   rN:        It protects you from negative energy.
 F - a ring of protection from fire (on tentacle)
 G - a +4 ring of protection (on tentacle)
 N - a ring of wizardry (on tentacle)
 X - an amulet of reflection (around mantle)
 Y - an amulet of regeneration
Wands
 c - a wand of charming (1)
 k - a wand of iceblast (17)
 J - a wand of flame (18)
 L - a wand of polymorph (2)
 O - a wand of acid (7)
 R - a wand of mindburst (11)
 T - a wand of paralysis (4)
Scrolls
 i - 4 scrolls of magic mapping
 l - 2 scrolls of fear
 n - a scroll of brand weapon
 o - 4 scrolls of immolation
 p - 6 scrolls of teleportation
 r - 3 scrolls of fog
 x - 7 scrolls of enchant armour
 y - 2 scrolls of summoning
 B - 2 scrolls of holy word
 H - a scroll of blinking {unknown}
 I - 6 scrolls of enchant weapon
 S - 2 scrolls of amnesia
 U - 4 scrolls of vulnerability
 V - a scroll of identify
 W - 2 scrolls of torment
Potions
 b - a potion of mutation
 e - 5 potions of brilliance
 f - 11 potions of curing
 g - 3 potions of might
 j - a potion of invisibility
 m - a potion of berserk rage
 q - 7 potions of cancellation
 v - 4 potions of haste
 w - 4 potions of degeneration {unknown}
 z - 7 potions of heal wounds
 A - a potion of magic {unknown}
 M - 5 potions of resistance
 P - 3 potions of flight
Miscellaneous
 C - a phantom mirror


   Skills:
 - Level 4.0 Fighting
 - Level 5.0 Short Blades
 - Level 5.0 Dodging
 - Level 10.0 Stealth
 - Level 12.0 Shields
 - Level 14.8 Spellcasting
 + Level 12.0 Conjurations
 - Level 3.0 Necromancy
 - Level 2.0 Translocations
 - Level 8.0 Transmutations
 - Level 2.0 Fire Magic
 - Level 2.0 Air Magic
 + Level 11.9 Earth Magic
 - Level 5.0 Poison Magic
 - Level 8.0 Invocations


You had 5 spell levels left.
You knew the following spells:

 Your Spells              Type           Power      Damage    Failure   Level
a - Sandblast             Erth           100%       2d20      1%          1
b - Mephitic Cloud        Conj/Pois/Air  40%        N/A       1%          3
c - Blink                 Tloc           44%        N/A       1%          2
e - Olgreb's Toxic Radia  Pois           34%        N/A       2%          4
f - Ignite Poison         Fire/Tmut/Pois 34%        N/A       1%          3
i - Iron Shot             Conj/Erth      29%        9d6       2%          6
l - Lee's Rapid Deconstr  Erth           29%        3d16*     1%          5
p - Petrify               Tmut/Erth      53%        N/A       1%          4
s - Statue Form           Tmut/Erth      35%        N/A       5%          6
v - Borgnjor's Vile Clut  Necr/Erth      22%        N/A       2%          5

Your spell library contained the following spells:

 Spells                   Type           Power      Damage    Failure   Level
 Sting                    Tmut/Pois      100%       1d8       1%          1
 Passwall                 Tmut/Erth      44%        N/A       1%          2
 Poisonous Vapours        Pois/Air       56%        N/A       1%          2
 Static Discharge         Conj/Air       42%        N/A       1%          2
 Spider Form              Tmut/Pois      40%        N/A       1%          3
 Stone Arrow              Conj/Erth      100%       3d13      1%          3
 Fulminant Prism          Conj/Hex       19%        3d11      1%          4
 Iskenderun's Mystic Bla  Conj/Tloc      42%        2d10      1%          4
 Leda's Liquefaction      Hex/Erth       19%        N/A       1%          4
 Sticky Flame             Conj/Fire      42%        2d6       1%          4
 Gell's Gravitas          Tloc           22%        N/A       2%          3
 Lesser Beckoning         Tloc           22%        N/A       2%          3
 Teleport Other           Tloc           22%        N/A       2%          3
 Blade Hands              Tmut           23%        N/A       2%          5
 Alistair's Intoxication  Tmut/Pois      26%        N/A       4%          5
 Tukima's Dance           Hex            14%        N/A       6%          3
 Dispel Undead            Necr           26%        3d13      6%          4
 Manifold Assault         Tloc           22%        N/A       24%         5
 Summon Forest            Summ/Tloc      9%         N/A       34%         5
 Metabolic Englaciation   Hex/Ice        7%         N/A       45%         5
 Lehudib's Crystal Spear  Conj/Erth      29%        10d8      65%         8
 Dispersal                Tloc           11%        N/A       77%         6
 Malign Gateway           Summ/Tloc      9%         N/A       100%        7
 Summon Horrible Things   Summ           7%         N/A       100%        8
 Shatter                  Erth           29%        3d24*     100%        9
 Animate Armour           Summ/Erth      Unusable   N/A       N/A         4

Dungeon Overview and Level Annotations

Branches:
Dungeon (11/15)            Temple (1/1) D:6            Lair (6/6) D:11
 Shoals (0/4) Lair:4       Spider (0/4) Lair:2          Orc (2/2) D:11
    Elf (2/3) Orc:2         Sewer (visited)          Bailey (visited)
Volcano (visited)          WizLab (1/1)             Gauntlet (visited)
  Slime: Lair:5-6

Altars:
Ashenzari
Cheibriados
Dithmenos
Fedhas
Gozag
Makhleb
Nemelex Xobeh
Okawaru
Qazlal
Ru
Sif Muna
Uskayaw
Vehumet
Wu Jian
Yredelemnul
Zin
Beogh
Lugonu

Shops:
D:5 (   Orc:2 *[*!   Elf:1 *

Portals:
Abyss: Lair:2 Lair:6

Annotations:
D:5 3 runed translucent doors, exclusion: 2 downstairs, Descartes's ghost, weakling FeDe
D:7 exclusion: downstairs
D:8 3 runed translucent doors, Faeu's ghost, novice DrBe
D:10 exclusion: downstairs
Lair:2 2 transporters
Lair:6 3 runed translucent doors, exclusion: 3 oklob plants, Buiveh's ghost, journeyman GrEE


Innate Abilities, Weirdness & Mutations

You are a living statue of rough stone.
Your actions are slow, but your melee attacks are powerful.
You are resistant to unholy torment.
Your maximum health is greatly increased.
You are immune to poison.
You cannot wear most types of armour.
You are amphibious.
You can wear up to eight rings at the same time.
Your skin changes colour to match your surroundings (Stealth+).
((Your rubbery body absorbs attacks. (AC +1, EV +1)))
((You are camouflaged when in or above water. (Stealth+)))
You have tentacles for arms and can constrict up to eight enemies at once.
You are very dopey. (Int -4)
You are somewhat resistant to further mutation.
You are weak. (Str -2)


Message History

Casting: Iron Shot (dangerous; 2% risk of failure)
Confirm with . or Enter, or press ? or * to list all spells.
Aiming: Borgnjor's Vile Clutch (dangerous; 2% risk of failure)
Press: ? - help, Shift-Dir - straight line, f - spark wasp zombie
Aim: a spark wasp zombie (lightly damaged, 100% to hit)
Zombie hands grab the spark wasp zombie.
The zombie hands constrict the spark wasp zombie.
The spark wasp zombie hits you!
* * * LOW HITPOINT WARNING * * *
The spark wasp zombie hits you but does no damage.
Unknown command.
The zombie hands constrict the spark wasp zombie!
The spark wasp zombie hits you but does no damage.
You block the spark wasp zombie's attack.
Casting: Borgnjor's Vile Clutch (dangerous; 2% risk of failure)
Confirm with . or Enter, or press ? or * to list all spells.
Aiming: Borgnjor's Vile Clutch (dangerous; 2% risk of failure)
Press: ? - help, Shift-Dir - straight line, f - titan zombie, p - spark wasp zombie
Aim: a titan zombie (moderately damaged, petrified, 100% to hit)
Zombie hands grab the titan zombie.
The zombie hands constrict the titan zombie.
The zombie hands constrict the spark wasp zombie!
The titan zombie is no longer petrified.
The zombie hands release their grip on the spark wasp zombie.
The titan zombie struggles to escape constriction.
The spark wasp zombie closely misses you.
The titan zombie escapes!
You block the spark wasp zombie's attack.
Casting: Borgnjor's Vile Clutch (dangerous; 2% risk of failure)
Confirm with . or Enter, or press ? or * to list all spells.
Aiming: Borgnjor's Vile Clutch (dangerous; 2% risk of failure)
Press: ? - help, Shift-Dir - straight line, f/p - titan zombie
Aim: a titan zombie (moderately damaged, 100% to hit)
Zombie hands grab the titan zombie.
The zombie hands constrict the titan zombie!
You block the spark wasp zombie's attack.
The titan zombie hits you!!
* * * LOW HITPOINT WARNING * * *
The spark wasp zombie hits you!
You die...

#... ..# ......#
#..#..# . #.....# ..
#.....## ...
#......# ....
##......# ###....
#...Z...#
#⌠#.....#...Z8..#
##.##........#...#
###...###.....##..##
#⌠.....⌠#....##...#
#...∩...#...##....#
#.......#####.....#
..##.##........#..#
..##.##........#..#
#.......#####....##


You could see a titan zombie (clutched) and a spark wasp zombie.

Vanquished Creatures
  Gastronok (Lair:3)
  A revenant (WizLab)
  Roxanne (Elf:1)
  2 deep elf sorcerers (Elf:1)
  2 orc warlords
  A caustic shrike zombie (WizLab)
  2 deep elf demonologists (Elf:1)
  A minotaur (Gauntlet)
  A deep elf annihilator (Elf:1)
  A jiangshi (WizLab)
  6 hydras
  2 boulder beetles
  2 catoblepae (Lair:5)
  7 dancing weapons
  2 two-headed ogres
  5 death yaks
  2 death scarabs (Gauntlet)
  3 orc high priests (Orc:2)
  2 thrashing horrors (Lair:6)
  7 deep elf knights (Elf:1)
  2 fire crabs (Lair:5)
  A wretched star (Gauntlet)
  2 spark wasp zombies (WizLab)
  9 deep elf archers
  A swamp dragon (shapeshifter) (Lair:6)
  5 orc knights
  14 deep elf zephyrmancers
  3 ugly things (Lair:6)
  5 orc sorcerers
  17 deep elf pyromancers
  16 elephants
  5 black mambas
  2 torpor snails
  2 smoke demons (Lair:6)
  17 cane toads
  7 rime drakes
  A yaktaur (shapeshifter) (Lair:6)
  13 komodo dragons
  2 ancient zymes (Lair:6)
  A troll (Orc:1)
  A meliai (Lair:2)
  A hornet (D:7)
  16 dream sheep
  Prince Ribbit (Lair:2)
  A polar bear (Lair:5)
  A meliai zombie (D:10)
  36 blink frogs
  A spectral black mamba (Gauntlet)
  A spriggan (Lair:6)
  3 air elementals (Elf:1)
  A culicivora (shapeshifter) (Lair:6)
  2 water elementals (Elf:1)
  2 shadows (Gauntlet)
  80 yaks
  2 wraiths
  5 wyverns
  7 basilisks
  A chaos spawn (Lair:6)
  6 fire elementals
  4 wargs
  Menkaure (D:4)
  2 acid dragons
  2 large abominations (Lair:6)
  A naga (Lair:1)
  11 water moccasins
  5 hell hounds (Volcano)
  Pargi (Sewer)
  28 orc warriors
  A spectral torpor snail (Gauntlet)
  2 sky beasts
  4 ice beasts (D:6)
  3 black bears
  A necrophage (D:5)
  11 wolves (Lair:3)
  8 ogres
  A phantom (D:4)
  7 centaurs
  22 bullfrogs
  2 gnoll sergeants
  A scorpion (D:6)
  An earth elemental (Elf:1)
  A water moccasin zombie (D:6)
  13 small abominations
  2 wyvern skeletons
  23 killer bees
  7 wights
  A vampire bat (Orc:2)
  3 howler monkeys
  5 electric eels
  8 centaur zombies
  A jelly (D:4)
  A gnoll shaman (D:10)
  3 hounds
  3 bullfrog skeletons
  12 orc priests
  2 centaur skeletons
  4 iguanas
  20 orc wizards
  A killer bee zombie (D:7)
  18 gnolls
  8 adders
  3 white imps
  An adder skeleton (D:4)
  5 dart slugs
  50 orcs
  8 endoplasms
  5 giant cockroaches
  5 goblins
  17 hobgoblins
  A jackal (D:1)
  18 kobolds
  2 quokkas (D:2)
  9 ball pythons
  18 bats
  11 frilled lizards
  7 rats
759 creatures vanquished.

Vanquished Creatures (collateral kills)
  A blink frog (Lair:6)
  A yak (Lair:4)
  A killer bee (D:9)
3 creatures vanquished.

Vanquished Creatures (others)
  A dancing weapon (Elf:1)
  A deep elf knight (Elf:1)
  A cane toad (Lair:4)
  A spriggan (Lair:6)
  A wolf (Lair:3)
  2 bushes (Lair:3)
  84 fungi
  140 plants
  4 toadstools (Lair:5)
235 creatures vanquished.

Grand Total: 997 creatures vanquished

Notes
Turn   | Place    | Note
-------+----------+-------------------------------------------
     0 | D:1      | Atelerd the Octopode Earth Elementalist began the quest for
                  | the Orb.
     0 | D:1      | Reached XP level 1. HP: 11/11 MP: 3/3
   300 | D:1      | Reached XP level 2. HP: 16/17 MP: 5/5
  1168 | D:1      | Found a faded altar of an unknown god.
  1173 | D:1      | Reached XP level 3. HP: 21/21 MP: 4/6
  1796 | D:2      | Reached skill level 1 in Short Blades
  1811 | D:2      | Reached XP level 4. HP: 11/27 MP: 5/8
  2157 | D:2      | Reached skill level 3 in Spellcasting
  3243 | D:3      | Reached XP level 5. HP: 5/32 MP: 5/9
  4361 | D:4      | Found a glowing drain.
  4559 | D:4      | Noticed a phantom
  4618 | D:4      | Noticed an ogre
  4660 | Sewer    | Entered a sewer
  4926 | Sewer    | Learned a level 4 spell: Petrify
  4930 | Sewer    | Learned a level 3 spell: Gell's Gravitas
  5022 | Sewer    | Noticed Pargi
  5161 | Sewer    | Killed Pargi
  5162 | Sewer    | Reached XP level 6. HP: 28/37 MP: 4/11
  5727 | D:4      | Reached skill level 5 in Stealth
  5727 | D:4      | Reached skill level 5 in Earth Magic
  5727 | D:4      | Reached XP level 7. HP: 42/42 MP: 4/12
  5740 | D:4      | Reached skill level 4 in Spellcasting
  5948 | D:4      | Noticed Menkaure
  6402 | D:4      | Reached skill level 5 in Spellcasting
  6680 | D:4      | Killed Menkaure
  6769 | D:5      | Entered Level 5 of the Dungeon
  6784 | D:5      | Reached skill level 6 in Spellcasting
  6784 | D:5      | Reached XP level 8. HP: 45/47 MP: 13/17
  6893 | D:5      | Reached skill level 1 in Fighting
  7145 | D:5      | Reached skill level 1 in Translocations
  7670 | D:5      | Found Eliuluff's Antique Weapon Shop.
  7677 | D:5      | Found a runed translucent gate.
  7678 | D:5      | Found a runed translucent gate.
  7678 | D:5      | Found a runed translucent gate.
  7825 | D:5      | Identified the +3 ring mail of the Pits of Slime {Contam
                  | rC+ rCorr}
  7852 | D:5      | Noticed Descartes's ghost (weakling FeDe)
  8772 | D:6      | Reached skill level 7 in Spellcasting
  9063 | D:6      | Reached skill level 8 in Spellcasting
  9063 | D:6      | Reached XP level 9. HP: 49/53 MP: 16/21
  9446 | D:6      | Found a staircase to the Ecumenical Temple.
  9535 | Temple   | Entered the Ecumenical Temple
  9540 | Temple   | Became a worshipper of Sif Muna the Loreminder
  9622 | D:6      | Learned a level 3 spell: Stone Arrow
 10375 | D:6      | Found a basalt altar of Yredelemnul.
 11728 | D:7      | Noticed a hornet
 11736 | D:7      | Killed a hornet
 11737 | D:7      | Reached XP level 10. HP: 58/58 MP: 12/22
 11895 | D:7      | Reached skill level 9 in Spellcasting
 12714 | D:8      | Reached skill level 5 in Dodging
 12714 | D:8      | Reached skill level 5 in Transmutations
 12726 | D:8      | Found a flagged portal.
 12735 | Bailey   | Entered a bailey
 12753 | Bailey   | Reached * piety under Sif Muna
 12894 | Bailey   | Noticed an orc warlord
 12980 | Bailey   | Noticed an orc knight
 12998 | Bailey   | Killed an orc knight
 13066 | Bailey   | Found a runed translucent gate.
 13066 | Bailey   | Found a runed translucent gate.
 13086 | Bailey   | Found a runed translucent gate.
 13960 | Bailey   | Killed an orc warlord
 14126 | Bailey   | Reached skill level 11 in Spellcasting
 14126 | Bailey   | Reached XP level 11. HP: 63/63 MP: 23/26
 14137 | Bailey   | Got the Collected Works on Envenoming
 14156 | Bailey   | Learned a level 3 spell: Mephitic Cloud
 14160 | Bailey   | Learned a level 3 spell: Ignite Poison
 14569 | D:7      | Reached ** piety under Sif Muna
 14691 | D:8      | Identified 2 scrolls of acquirement
 14691 | D:8      | Acquired the +3 warlock's mirror {reflect}
 14691 | D:8      | Found the +3 warlock's mirror {reflect}
 14752 | D:8      | Acquired a book of the Earth
 14761 | D:8      | Learned a level 6 spell: Statue Form
 14807 | D:8      | Reached skill level 1 in Poison Magic
 14814 | D:8      | Reached skill level 1 in Air Magic
 14986 | D:8      | Identified the +4 falchion "Tothrutic" {flame, rN+ Str+3}
 15012 | D:8      | Found a runed translucent gate.
 15012 | D:8      | Found a runed translucent gate.
 15044 | D:8      | Found a runed translucent gate.
 15045 | D:8      | Noticed Faeu's ghost (novice DrBe)
 15239 | D:9      | Reached skill level 1 in Shields
 15239 | D:9      | Reached skill level 1 in Fire Magic
 15239 | D:9      | Reached XP level 12. HP: 41/69 MP: 15/27
 15249 | D:8      | Reached skill level 1 in Conjurations
 15539 | D:9      | Noticed a two-headed ogre
 15548 | D:9      | Killed a two-headed ogre
 15549 | D:9      | Reached skill level 10 in Earth Magic
 16723 | D:10     | Entered Level 10 of the Dungeon
 17082 | D:10     | Reached *** piety under Sif Muna
 17083 | D:10     | Reached skill level 5 in Invocations
 17580 | D:11     | Found a gate leading to a gauntlet.
 17764 | D:11     | Found a shadowy altar of Dithmenos.
 17772 | Gauntlet | Entered a Gauntlet
 17772 | Gauntlet | Found a transporter.
 17772 | Gauntlet | Found a transporter.
 17779 | Gauntlet | Learned a level 5 spell: Lee's Rapid Deconstruction
 17784 | Gauntlet | Learned a level 4 spell: Olgreb's Toxic Radiance
 17795 | Gauntlet | Found a transporter.
 17814 | Gauntlet | Found a transporter.
 17814 | Gauntlet | Found a transporter.
 17817 | Gauntlet | Noticed a wretched star
 17818 | Gauntlet | Found a transporter.
 17818 | Gauntlet | Found a transporter.
 17820 | Gauntlet | Found a transporter.
 17821 | Gauntlet | Noticed a death scarab
 17822 | Gauntlet | Noticed a death scarab
 17833 | Gauntlet | Found a transporter.
 17849 | Gauntlet | Found a transporter.
 17887 | Gauntlet | Found a transporter.
 17888 | Gauntlet | Noticed a thrashing horror
 17889 | Gauntlet | Noticed a thrashing horror
 17902 | Gauntlet | Found a transporter.
 17922 | Gauntlet | Found a transporter.
 17939 | Gauntlet | Found a transporter.
 18223 | Gauntlet | Killed a wretched star
 18224 | Gauntlet | Reached skill level 5 in Shields
 18237 | Gauntlet | Identified the ring "Uggam" {rPois rN+ Str+6}
 18484 | Gauntlet | Killed a death scarab
 18486 | Gauntlet | Killed a death scarab
 18559 | Gauntlet | Noticed a minotaur
 18567 | Gauntlet | Killed a minotaur
 18736 | D:11     | Noticed a two-headed ogre
 18742 | D:11     | Killed a two-headed ogre
 18748 | D:11     | Reached XP level 13. HP: 73/73 MP: 3/28
 18869 | D:11     | Found a staircase to the Orcish Mines.
 18975 | D:11     | Reached skill level 10 in Stealth
 19124 | D:11     | Reached skill level 5 in Conjurations
 19214 | D:11     | Found a staircase to the Lair.
 19337 | Lair:1   | Entered Level 1 of the Lair of Beasts
 19854 | Lair:1   | Reached **** piety under Sif Muna
 20075 | Lair:1   | Noticed Harold
 20077 | Lair:1   | Noticed Harold
 20077 | Lair:1   | Harold changed into Harold the naga
 20082 | Lair:1   | Killed Harold the naga
 20725 | Lair:1   | Found an ornate altar of the Wu Jian Council.
 20725 | Lair:1   | Found a hide-covered altar of Uskayaw.
 21600 | Lair:2   | Noticed Prince Ribbit
 21607 | Lair:2   | Killed Prince Ribbit
 21782 | Lair:2   | Learned a level 2 spell: Blink
 21862 | Lair:2   | Found a transporter.
 21916 | Lair:2   | Found a transporter.
 21958 | Lair:2   | Found a hole to the Spider Nest.
 21991 | Lair:2   | Found a one-way gate to the infinite horrors of the Abyss.
 22572 | Lair:3   | Noticed Gastronok
 22579 | Lair:3   | Gained mutation: You are clumsy. (Dex -2) [mutagenic glow]
 22595 | Lair:3   | Gained mutation: Your magical capacity is low. (-10% MP)
                  | [mutagenic glow]
 22608 | Lair:3   | Gained mutation: You are very clumsy. (Dex -4) [mutagenic
                  | glow]
 22628 | Lair:3   | Gained mutation: You are weak. (Str -2) [mutagenic glow]
 22635 | Lair:3   | Gained mutation: You are very weak. (Str -4) [mutagenic
                  | glow]
 22651 | Lair:3   | Gained mutation: You are dopey. (Int -2) [mutagenic glow]
 22669 | Lair:2   | Gained mutation: Your body sometimes deteriorates upon
                  | taking damage. [mutagenic glow]
 22694 | Lair:2   | Gained mutation: Your natural rate of healing is unusually
                  | fast. [mutagenic glow]
 22841 | Lair:2   | Lost mutation: Your natural rate of healing is unusually
                  | fast. [potion of mutation]
 22841 | Lair:2   | Lost mutation: Your magical capacity is low. (-10% MP)
                  | [potion of mutation]
 22841 | Lair:2   | Gained mutation: You are somewhat resistant to further
                  | mutation. [potion of mutation]
 22842 | Lair:2   | Lost mutation: You are very clumsy. (Dex -4) [potion of
                  | mutation]
 22842 | Lair:2   | Lost mutation: Your body sometimes deteriorates upon taking
                  | damage. [potion of mutation]
 22843 | Lair:2   | Lost mutation: You are clumsy. (Dex -2) [potion of
                  | mutation]
 22843 | Lair:2   | Lost mutation: You are very weak. (Str -4) [potion of
                  | mutation]
 22874 | Lair:3   | Killed Gastronok
 22875 | Lair:3   | Reached skill level 12 in Spellcasting
 23627 | Lair:3   | Reached skill level 5 in Short Blades
 23627 | Lair:3   | Reached skill level 5 in Poison Magic
 23627 | Lair:3   | Reached XP level 14. HP: 83/85 MP: 26/30
 24100 | Lair:3   | Learned a level 6 spell: Iron Shot
 25279 | Lair:4   | Found a staircase to the Shoals.
 26678 | Lair:5   | Reached ***** piety under Sif Muna
 27562 | Lair:5   | Received a gift from Sif Muna
 28138 | Lair:5   | Reached skill level 10 in Conjurations
 28341 | Lair:5   | Found a runed translucent door.
 28835 | Lair:6   | Entered Level 6 of the Lair of Beasts
 28875 | Lair:6   | Reached XP level 15. HP: 72/90 MP: 25/31
 29001 | Lair:6   | Found a dark tunnel.
 29011 | Volcano  | Entered a volcano
 29513 | Volcano  | Reached skill level 10 in Shields
 29941 | Volcano  | Identified the +0 hat "Liden" {-Tele rF- Will+++ Dex+2}
 30758 | Lair:6   | Found a runed translucent gate.
 30759 | Lair:6   | Found a runed translucent gate.
 30760 | Lair:6   | Found a runed translucent gate.
 31245 | Lair:6   | Noticed Buiveh's ghost (journeyman GrEE)
 31693 | Lair:6   | Received a gift from Sif Muna
 31694 | Lair:6   | Reached skill level 13 in Spellcasting
 31698 | Lair:6   | Got Sif Muna's Volume of the Mountains {god gift}
 31849 | Lair:6   | Learned a level 5 spell: Borgnjor's Vile Clutch
 32035 | Lair:6   | Found a corrupted altar of Lugonu.
 32976 | Orc:1    | Entered Level 1 of the Orcish Mines
 33010 | Orc:1    | Noticed an orc warlord
 33026 | Orc:1    | Killed an orc warlord
 33401 | Orc:2    | Entered Level 2 of the Orcish Mines
 33533 | Orc:2    | Found a staircase to the Elven Halls.
 33574 | Orc:2    | Reached skill level 14 in Spellcasting
 33977 | Orc:2    | Reached XP level 16. HP: 84/95 MP: 8/34
 34871 | Orc:2    | Found Dosozxupp's Distillery.
 34871 | Orc:2    | Found Ikugehur's General Store.
 34875 | Orc:2    | Found Feec Rineo's Antique Armour Boutique.
 34875 | Orc:2    | Found Ycrot's Assorted Antiques.
 34881 | Orc:2    | Bought 2 potions of curing for 96 gold pieces
 34881 | Orc:2    | Bought a potion of flight for 48 gold pieces
 34881 | Orc:2    | Bought a scroll of identify for 32 gold pieces
 34885 | Orc:2    | Bought a polished glaive for 448 gold pieces
 34885 | Orc:2    | Identified the +7 glaive of Tieprufi {vorpal, *Rage rF+
                  | Will+ SInv} (You bought it in a shop on level 2 of the
                  | Orcish Mines)
 34887 | Orc:2    | Bought 2 potions of heal wounds for 120 gold pieces
 34887 | Orc:2    | Bought a potion of attraction for 36 gold pieces
 34887 | Orc:2    | Bought a potion of curing for 36 gold pieces
 34887 | Orc:2    | Bought a potion of haste for 120 gold pieces
 34887 | Orc:2    | Bought a potion of haste for 120 gold pieces
 35109 | Elf:1    | Entered Level 1 of the Elven Halls
 35288 | Elf:1    | Found a radiant altar of Vehumet.
 35292 | Elf:1    | Paralysed by an air elemental for 1 turns
 35318 | Elf:1    | Noticed a Tzitzimitl
 35565 | Elf:1    | Found Sitheq's Superlative Supplies.
 35841 | Elf:1    | Received a gift from Sif Muna
 35847 | Elf:1    | Got Pigoes's Disquisition on Warped Enchantment {god gift}
 36334 | Elf:1    | Noticed Roxanne
 36525 | Elf:1    | Killed Roxanne
 36526 | Elf:1    | Reached skill level 1 in Necromancy
 36640 | Elf:1    | Gained mutation: You are very dopey. (Int -4) [mutagenic
                  | glow]
 37081 | Elf:1    | Paralysed by an air elemental for 1 turns
 37082 | Elf:1    | Noticed a Hell Sentinel
 37707 | Elf:1    | Paralysed by an air elemental for 1 turns
 38092 | Elf:2    | Found a magical portal.
 38099 | WizLab   | Entered Borgnjor's Mausoleum
 38512 | WizLab   | Noticed a revenant
 38529 | WizLab   | Killed a revenant
 38544 | WizLab   | Slain by a spark wasp zombie

Illustrated notes

Levels and vault maps discovered:
D:1:      minmay_arrival_five_plusses, layout_loops_ring,
          shapermc_ecumenical_altar_flowoftime, minmay_domino_4
D:2:      layout_loops_ring, hangedman_decor_points, minivault_5
D:3:      layout_basic, hex_intersection
D:4:      layout_cave_pools, gup_sewer_entry_glass, serial_bayou_pond_c,
          minmay_small_thing, uniq_menkaure
D:5:      layout_loops_ring, serial_shops, nicolae_shop_stone,
          gammafunk_ghost_necromancy, minmay_liquid_box,
          eino_small_chamber_without_monster
D:6:      cheibrodos_barr_body, layout_loops_cross,
          mainiacjoe_overflow_cross_hatched, minmay_temple_entry_hall
D:7:      layout_loops_corners
D:8:      layout_cave_pools, enter_bailey_2, gammafunk_ghost_nasty_kobolds,
          serial_rivers, chequers_serial_rivers_marsh,
          chequers_serial_rivers_micro_a, chequers_serial_rivers_micro_d,
          chequers_serial_rivers_micro_d, chequers_serial_rivers_large_a
D:9:      layout_basic
D:10:     layout_gridville
D:11:     layout_rooms, grunt_lair_entry_orc_guard_hut, david_orc_1_choice,
          gauntlet_entry_generic, nicolae_dithmenos_through_a_glass_darkly
Temple:   dpeg_three_leaves_temple
Lair:1:   layout_long_grid, serial_rivers, chequers_serial_rivers_micro_a,
          chequers_serial_rivers_large_b, chequers_serial_rivers_micro_b,
          chequers_serial_rivers_micro_e, chequers_serial_rivers_small_b,
          nzn_masters_of_martial_movement, uniq_harold
Lair:2:   layout_gridlike, hellmonk_spider_entry_not_the_bees,
          gammafunk_ghost_abyssal_escape, uniq_prince_ribbit2
Lair:3:   nzn_winding_woodlands_three_and_one
          [nzn_winding_woodlands_5x15_lazy_stream,
          nzn_winding_woodlands_5x15_split_checker,
          nzn_winding_woodlands_5x15_cabin,
          nzn_winding_woodlands_center_triple_pond], layout_regular_city,
          serial_forest, infiniplex_forest_clump_small,
          infiniplex_forest_clump_small, infiniplex_forest_end_1,
          infiniplex_forest_straight_3, infiniplex_forest_clump_C,
          uniq_gastronok
Lair:4:   layout_loops_ring, shoals_dummy_entry, disabler_island,
          grunt_megastairs_2
Lair:5:   gammafunk_lair_enchanted_lake, layout_misc_corridors,
          serial_bayou_shore_a, grunt_megastairs_1, serial_bayou_shore_b
Lair:6:   hellmonk_lair_end_abyssal_woods, layout_regular_city,
          minmay_slime_entry_oklob_enclosed, maelrawn_ghost_gauntlet_escape,
          nicolae_volcano_entry_two_sided
Orc:1:    layout_caves, uniq_nergalle
Orc:2:    grunt_orc_tribal_feast, layout_diamond_mine, basic_altar,
          roderic_batcave
Elf:1:    eino_elf_arrival_altar, layout_gridlike, hangedman_elf_represent,
          nicolae_alphabet_shops, serial_sigils_hangedman_scar,
          nrook_loot_triangle, grunt_megastairs_4, uniq_roxanne
Elf:2:    nicolae_elf_blades_splatter_lattice
          [nicolae_blade_entry_area_security], layout_rooms, mu_enter_wizlab_2,
          minmay_shop_grove
WizLab:   wizlab_borgnjor

Skill      XL: |  1  2  3  4  5  6  7  8  9 10 11 12 13 14 15 16 |
---------------+-------------------------------------------------+-----
Stealth        | 3 4 5 6 7 9 10 | 10.0
Short Blades   | 1 2 3 5 |  5.0
Spellcasting   | 3 6 8 11 12 14 | 14.8
Earth Magic    | 4 5 6 9 10 11 | 11.9
Transmutations | 2 3 4 5 8 |  8.0
Fighting       | 1 4 |  4.0
Translocations | 2 |  2.0
Dodging        | 3 4 5 |  5.0
Invocations    | 4 6 8 |  8.0
Poison Magic   | 1 2 5 |  5.0
Air Magic      | 1 2 |  2.0
Shields        | 1 6 7 9 12 | 12.0
Fire Magic     | 1 2 |  2.0
Conjurations   | 4 6 10 12 | 12.0
Necromancy     | 3 |  3.0

Action                   |  1- 3 |  4- 6 |  7- 9 | 10-12 | 13-15 | 16-18 || total
-------------------------+-------+-------+-------+-------+-------+-------++-------
Melee: Dagger            |    54 |       |       |       |       |     7 ||    61
       Constrict         |    15 |    13 |    14 |    29 |    54 |     8 ||   133
       Tentacles         |     8 |    12 |    34 |    44 |   101 |    12 ||   211
       Unarmed           |     2 |       |       |       |       |       ||     2
       Punch             |     1 |     1 |     3 |     7 |     6 |     1 ||    19
       Short sword       |     6 |    62 |   122 |   138 |   312 |    10 ||   650
       Staff             |       |       |       |       |     1 |     3 ||     4
 Cast: Sandblast         |    21 |    44 |    45 |    67 |   142 |    22 ||   341
       Petrify           |       |     2 |    27 |    47 |   120 |    10 ||   206
       Gell's Gravitas   |       |       |     2 |     2 |       |       ||     4
       Stone Arrow       |       |       |    32 |    88 |    87 |       ||   207
       Mephitic Cloud    |       |       |       |    24 |    41 |     2 ||    67
       Ignite Poison     |       |       |       |    13 |    77 |    15 ||   105
       Lee's Rapid Decon |       |       |       |    19 |    32 |    31 ||    82
       Statue Form       |       |       |       |     5 |     7 |    13 ||    25
       Olgreb's Toxic Ra |       |       |       |       |   122 |    32 ||   154
       Blink             |       |       |       |       |     1 |     2 ||     3
       Iron Shot         |       |       |       |       |    14 |    38 ||    52
       Borgnjor's Vile C |       |       |       |       |       |    29 ||    29
Invok: Channel Magic     |       |       |       |     4 |    11 |    10 ||    25
       Forget Spell      |       |       |       |       |     2 |       ||     2
Evoke: Wand              |       |     1 |       |     1 |    20 |     2 ||    24
  Use: Scroll            |       |     8 |       |    12 |    10 |     2 ||    32
       Potion            |       |       |     1 |     2 |     4 |     6 ||    13
 Stab: Sleeping          |     7 |    14 |    13 |     2 |       |       ||    36
       Petrified         |       |     9 |    55 |    55 |   125 |     4 ||   248
       Distracted        |       |     2 |       |       |     1 |       ||     3
       Petrifying        |       |       |     2 |     1 |     1 |       ||     4
       Confused          |       |       |       |     3 |     5 |       ||     8
Armor: Skin              |     9 |    14 |    11 |    47 |   148 |    92 ||   321
Dodge: Dodged            |    44 |    67 |    86 |   184 |   264 |    67 ||   712
Block: Buckler           |       |       |       |     2 |   304 |   135 ||   441
       Reflection        |       |       |       |       |    21 |    26 ||    47
